 Dungeon Sprint DCSS version 0.31-a0-18-gea43df2a32 (webtiles) character file.

Game seed: 5595746876519636723

20566 Conn the Eclecticist (level 12, -23/72 HPs)
             Began as an Octopode Fire Elementalist on May 10, 2023.
             Was an Elder of Sif Muna.
             Killed from afar by Lom Lobon (54 damage)
             ... with a great icy blast
             ... in the Dungeon (Sprint I: "Red Sonja").
             The game lasted 00:37:54 (3412 turns).

Conn the Eclecticist (Octopode Fire Elementalist)   Turns: 3412, Time: 00:37:55

Health: -23/72     AC:  1    Str:  7    XL:     12   Next: 80%
Magic:  30/39      EV: 14    Int: 22    God:    Sif Muna [****..]
Gold:   1331       SH:  0    Dex: 11    Spells: 3/47 levels left

rFire   . . .        d - staff of air
rCold   . . .        r - sphere of Battle
rNeg    . . .        (helmet restricted)
rPois   .            n
                       - Hermit's Pendant {Faith Invo=14 Evo=0 MP+5}
rElec   +            (no ring)
rCorr   .            (no ring)
SInv    .            (no ring)
Will    .....        (no ring)
Stlth   +++++        (no ring)
HPRegen 0.32/turn    (no ring)
MPRegen 0.26/turn    (no ring)
                     (no ring)

%: no teleportation, faith
@: frozen, very slow
A: almost no armour, amphibious, 8 rings, camouflage 1, gelatinous body 1,
nimble swimmer 1, tentacles, clumsy 1
a: Renounce Religion, Channel Magic, Forget Spell, Divine Exegesis


You were in the Dungeon.
You worshipped Sif Muna.
Sif Muna was greatly pleased with you.
You visited 1 branch You collected 3033 gold pieces.
You spent 1702 gold pieces at shops.

Inventory:

Hand Weapons
 h - a +2 short sword of venom
Missiles
 i - 5 curare-tipped darts (quivered)
Armour
 r - the sphere of Battle (worn)
   (You bought it in a shop in the Dungeon)

   It enhances your destructive magic.
   It weakens your non-destructive magic.
   It summons a battlesphere in combat, with strength depending on Conjurations
   skill.
Magical Staves
 d - a staff of air (weapon)
Jewellery
 l - an amulet of faith
 n - the Hermit's Pendant (around mantle) {Faith Invo=14 Evo=0 MP+5}
   (You found it in the Dungeon)

   [amulet of faith]

   Invo=14: It sets your Invocations skill to 14.
   Evo=0: It sets your Evocations skill to 0.
   It allows you to gain divine favour quickly.
   MP:        It affects your magic capacity (+5).
Wands
 e - a wand of iceblast (6)
 m - a wand of flame (16)
Scrolls
 c - a scroll of blinking
Potions
 a - a potion of magic
 b - 3 potions of curing
 k - a potion of ambrosia


   Skills:
 + Level 2.8 Fighting
 + Level 1.4 Short Blades
 + Level 3.0 Throwing
 + Level 5.7 Dodging
 + Level 7.2 Stealth
 + Level 18.2 Spellcasting
 * Level 15.4 Conjurations
 - Level 6.4 Hexes
 + Level 4.3 Summonings
 - Level 3.0 Transmutations
 + Level 17.3 Fire Magic
 * Level 4.4 Ice Magic


You had 3 spell levels left.
You knew the following spells:

 Your Spells              Type           Power      Damage    Failure   Level
a - Foxfire               Conj/Fire      100%       2x1d9     0%          1
b - Scorch                Fire           100%       2d9       0%          2
c - Inner Flame           Hex/Fire       83%        N/A       1%          3
d - Flame Wave            Conj/Fire      95%        2d20      1%          4
e - Fireball              Conj/Fire      47%        3d19      1%          5
f - Stone Arrow           Conj/Erth      100%       3d13      1%          3
g - Starburst             Conj/Fire      47%        6d13      1%          6
h - Metabolic Englaciati  Hex/Ice        11%        N/A       8%          5
i - Iskenderun's Battles  Conj           93%        2d14      1%          5
j - Blink                 Tloc           20%        N/A       4%          2
k - Irradiate             Conj/Tmut      37%        3d24      1%          5
l - Swiftness             Air            20%        N/A       8%          3

Your spell library contained the following spells:

 Spells                   Type           Power      Damage    Failure   Level
 Magic Dart               Conj           100%       1d8       0%          1
 Searing Ray              Conj           100%       2d8       0%          2
 Shock                    Conj/Air       100%       1d9       1%          1
 Call Imp                 Summ           38%        N/A       1%          2
 Momentum Strike          Conj/Tloc      100%       3d10      1%          2
 Call Canine Familiar     Summ           19%        N/A       1%          3
 Dazzling Flash           Conj/Hex       100%       N/A       1%          3
 Ignite Poison            Fire/Tmut/Pois 66%        N/A       1%          3
 Mephitic Cloud           Conj/Pois/Air  77%        N/A       1%          3
 Ozocubu's Armour         Ice            19%        N/A       1%          3
 Portal Projectile        Hex/Tloc       34%        N/A       1%          3
 Summon Guardian Golem    Hex/Summ       21%        N/A       1%          3
 Tukima's Dance           Hex            24%        N/A       1%          3
 Volatile Blastmotes      Fire/Tloc      100%       2d18      1%          3
 Sandblast                Erth           60%        2d14      2%          1
 Passwall                 Tmut/Erth      10%        N/A       2%          2
 Lesser Beckoning         Tloc           20%        N/A       4%          2
 Poisonous Vapours        Pois/Air       90%        N/A       4%          2
 Spider Form              Tmut/Pois      13%        N/A       4%          3
 Gell's Gravitas          Tloc           10%        N/A       8%          3
 Teleport Other           Tloc           10%        N/A       8%          3
 Vhi's Electric Charge    Tloc/Air       40%        N/A       8%          3
 Cause Fear               Hex            12%        N/A       1%          4
 Fulminant Prism          Conj/Hex       40%        3d19      1%          4
 Sticky Flame             Conj/Fire      95%        2d10      1%          4
 Freezing Cloud           Conj/Ice/Air   42%        6-21      4%          5
 Leda's Liquefaction      Hex/Erth       8%         N/A       7%          4
 Summon Mana Viper        Hex/Summ       21%        N/A       8%          5
 Yara's Violent Unravell  Hex/Tmut       28%        3d12      11%         5
 Silence                  Hex/Air        17%        N/A       19%         5
 Blade Hands              Tmut           8%         N/A       22%         5
 Airstrike                Air            22%        2d(4-20)  26%         4
 Eringya's Noxious Bog    Tmut/Pois      20%        N/A       91%         6
 Statue Form              Tmut/Erth      8%         N/A       91%         6
 Fire Storm               Conj/Fire      47%        8d12      97%         9
 Ozocubu's Refrigeration  Ice            28%        4d13      98%         7
 Dispersal                Tloc           5%         N/A       99%         6
 Storm Form               Tmut/Air       13%        N/A       100%        7
 Discord                  Hex            12%        N/A       100%        8
 Lehudib's Crystal Spear  Conj/Erth      34%        10d9      100%        8
 Summon Horrible Things   Summ           9%         N/A       100%        8


Dungeon Overview and Level Annotations

Branches:
Dungeon (1/1)

Altars:
Cheibriados
Dithmenos
Elyvilon
Fedhas
Gozag
Hepliaklqana
Kikubaaqudgha
Makhleb
Nemelex Xobeh
Okawaru
Qazlal
Ru
Sif Muna
Trog
Uskayaw
Vehumet
Wu Jian
Xom
Yredelemnul
Zin
The Shining One
Jiyva
Lugonu

Shops:
D (**?:([*!?*:[((:(**[*

Annotations:
D Lom Lobon


Innate Abilities, Weirdness & Mutations

You cannot wear most types of armour.
You are amphibious.
You can wear up to eight rings at the same time.
Your skin changes colour to match your surroundings (Stealth+).
Your rubbery body absorbs attacks. (AC +1, EV +1)
You are camouflaged when in or above water. (Stealth+)
You have tentacles for arms and can constrict up to eight enemies at once.
You are clumsy. (Dex -2)


Message History

Your fire vortex resists.
The blast of lightning engulfs your fire vortex!!
Your fire vortex resists.
Your fire vortex dissipates!
The blast of lightning engulfs your fire vortex.
Your fire vortex resists.
Your fire vortex dissipates!
The blast of lightning engulfs your fire vortex!
Your fire vortex resists.
You hear a clap of thunder!
The blast of lightning engulfs your fire vortex!!
Your fire vortex resists.
Your fire vortex dissipates!
The blast of lightning engulfs your fire vortex!
Your fire vortex resists.
Something screams, "Relinquish hope, thou rank ruttish pissant!"
A ball lightning comes into view.
Okay, then.
Magic courses through your body.
The ball lightning explodes!
The blast of lightning engulfs your fire vortex!
Your fire vortex resists.
Your fire vortex dissipates!
Unknown command.
Found 81 gold pieces.
Lom Lobon gestures at you.
Lom Lobon conjures a mighty blast of ice!
The great icy blast engulfs your battlesphere!!
Your battlesphere partially resists.
Your battlesphere is destroyed!
The great icy blast engulfs you!!!
Ouch! That really hurt!
You are encased in ice.
Unknown command.
Unknown command.
Lom Lobon gestures at you.
Lom Lobon conjures a mighty blast of ice!
The great icy blast engulfs you!!!
Ouch! That really hurt!
You die...

#~~~~## ○$$#
#~~~~~########..$$#
##~~~~#~~~~~#☼○.○$#
.#'~~~'~~.~~'.☼.°$#
..##~~#~~~~~#°°○☼○#
...######'#####☼~~#
...#~~≈§≈§§§§§##☼~#
#####~~§§§&§§°§§§~#
○#.))..&§§○§§○§#@≈#
)'}[#.§§.$°$§§§§#≈#
###################


You could see Lom Lobon (gusty).

Vanquished Creatures
  the Lernaean hydra (D)
  A deep elf master archer (D)
  A deep elf annihilator (D)
  A mummy priest (D)
  A hydra (D)
  2 centaur warriors (D)
  Sonja (D)
  A deep troll (D)
  A lindwurm (D)
  2 oklob plants (D)
  7 shining eyes (D)
  2 merfolk sirens (D)
  4 demonic crawlers (D)
  2 gargoyles (D)
  2 unseen horrors (D)
  2 kobold demonologists (D)
  5 hornets (D)
  A hellwing (D)
  A slime creature (D)
  Sigmund (D)
  13 hogs (D)
  A yak (D)
  2 redbacks (D)
  7 floating eyes (D)
  An ogre (D)
  7 necrophages (D)
  8 jellies (D)
  Ijyb (D)
  5 ball lightnings (D)
  2 ballistomycete spores (D)
86 creatures vanquished.

Vanquished Creatures (collateral kills)
  A shining eye (D)
1 creature vanquished.

Vanquished Creatures (others)
  A ball lightning (D)
  12 fire vortices (D)
  106 foxfires (D)
119 creatures vanquished.

Grand Total: 206 creatures vanquished

Notes
Turn   | Place    | Note
-------+----------+-------------------------------------------
     0 | D        | Conn the Octopode Fire Elementalist began the quest for the
                  | Orb.
     0 | D        | Reached XP level 1. HP: 11/11 MP: 3/3
     3 | D        | Noticed Ijyb
    12 | D        | Killed Ijyb
    13 | D        | Reached skill level 3 in Spellcasting
    13 | D        | Reached XP level 2. HP: 8/17 MP: 0/6
    13 | D        | Reached XP level 3. HP: 10/21 MP: 0/7
    69 | D        | Learned a level 2 spell: Scorch
    73 | D        | Learned a level 3 spell: Inner Flame
    78 | D        | Noticed an ogre
    84 | D        | Killed an ogre
    85 | D        | Reached skill level 4 in Spellcasting
    85 | D        | Reached XP level 4. HP: 27/27 MP: 0/10
   171 | D        | Learned a level 4 spell: Flame Wave
   171 | D        | Noticed Sigmund
   176 | D        | Killed Sigmund
   177 | D        | Reached skill level 6 in Spellcasting
   177 | D        | Reached skill level 5 in Conjurations
   177 | D        | Reached XP level 5. HP: 31/31 MP: 2/14
   177 | D        | Reached XP level 6. HP: 36/36 MP: 2/15
   278 | D        | Found an ornate altar of the Wu Jian Council.
   278 | D        | Found a shimmering blue altar of Sif Muna.
   280 | D        | Found a radiant altar of Vehumet.
   284 | D        | Became a worshipper of Sif Muna the Loreminder
   287 | D        | Reached skill level 5 in Stealth
   287 | D        | Reached skill level 7 in Spellcasting
   318 | D        | Found Rymifa's Magic Scroll Emporium.
   318 | D        | Found an ancient bone altar of Kikubaaqudgha.
   318 | D        | Found a hazy altar of Hepliaklqana.
   318 | D        | Found a stormy altar of Qazlal.
   318 | D        | Found a hide-covered altar of Uskayaw.
   318 | D        | Found a blossoming altar of Fedhas.
   318 | D        | Found a bloodstained altar of Trog.
   318 | D        | Found an iron altar of Okawaru.
   318 | D        | Found a basalt altar of Yredelemnul.
   318 | D        | Found a glowing golden altar of the Shining One.
   318 | D        | Found a snail-covered altar of Cheibriados.
   318 | D        | Found a sacrificial altar of Ru.
   318 | D        | Found a glowing silver altar of Zin.
   318 | D        | Found a shadowy altar of Dithmenos.
   318 | D        | Found a white marble altar of Elyvilon.
   318 | D        | Noticed a yak
   330 | D        | Killed a yak
   331 | D        | Reached skill level 8 in Spellcasting
   331 | D        | Reached skill level 1 in Hexes
   334 | D        | Found an opulent altar of Gozag.
   335 | D        | Found a sparkling altar of Nemelex Xobeh.
   410 | D        | Noticed Sonja
   413 | D        | Killed Sonja
   413 | D        | Reached * piety under Sif Muna
   414 | D        | Reached skill level 1 in Fighting
   414 | D        | Reached skill level 5 in Dodging
   414 | D        | Reached skill level 10 in Spellcasting
   414 | D        | Reached skill level 10 in Fire Magic
   414 | D        | Reached XP level 7. HP: 43/43 MP: 14/20
   414 | D        | Reached XP level 8. HP: 48/48 MP: 15/22
   478 | D        | Found Uniesu's Weapon Boutique.
   498 | D        | Noticed a deep troll
   516 | D        | Killed a deep troll
   517 | D        | Reached skill level 11 in Spellcasting
   554 | D        | Found Gaol's Armour Emporium.
   554 | D        | Found the Hermit's Pendant {Faith Invo=14 Evo=0 MP+5}
   609 | D        | Found a burning altar of Makhleb.
   609 | D        | Found a viscous altar of Jiyva.
   609 | D        | Found a shimmering altar of Xom.
   609 | D        | Found a corrupted altar of Lugonu.
   609 | D        | Noticed a slime creature
   618 | D        | Killed a slime creature
   619 | D        | Reached XP level 9. HP: 54/54 MP: 21/24
   676 | D        | Noticed a kobold demonologist
   678 | D        | Noticed a kobold demonologist
   681 | D        | Killed a kobold demonologist
   681 | D        | Reached ** piety under Sif Muna
   681 | D        | Killed a kobold demonologist
   682 | D        | Reached skill level 1 in Throwing
   682 | D        | Reached skill level 12 in Spellcasting
   751 | D        | Noticed a centaur warrior
   757 | D        | Noticed a centaur warrior
   762 | D        | Killed a centaur warrior
   763 | D        | Reached skill level 13 in Spellcasting
   764 | D        | Killed a centaur warrior
   764 | D        | Reached *** piety under Sif Muna
   765 | D        | Reached XP level 10. HP: 26/60 MP: 16/27
   936 | D        | Noticed an oklob plant
  1072 | D        | Killed an oklob plant
  1073 | D        | Reached skill level 14 in Spellcasting
  1159 | D        | Reached **** piety under Sif Muna
  1160 | D        | Reached skill level 10 in Conjurations
  1336 | D        | Reached ***** piety under Sif Muna
  1368 | D        | Received a gift from Sif Muna
  1374 | D        | Killed an unseen horror
  1504 | D        | Killed an unseen horror
  1507 | D        | Got Sif Muna's Atlas of Generative Bombardment {god gift}
  1547 | D        | Received a gift from Sif Muna
  1676 | D        | Found Offougaig's General Store.
  1676 | D        | Found Urytuf's Armour Shop.
  1676 | D        | Found Vusaacsa's Distillery.
  1678 | D        | Found Jaorak's Magic Scroll Emporium.
  1678 | D        | Found Uciqeb's Assorted Antiques.
  1678 | D        | Found Dekyuff's Book Shoppe.
  1678 | D        | Found Susi's Armour Boutique.
  1678 | D        | Found Kublyhosk's Antique Weapon Emporium.
  1678 | D        | Found Qaukuan's Antique Weapon Shop.
  1678 | D        | Found Fuas's Book Shoppe.
  1682 | D        | Found Zoedgh's Weapon Boutique.
  1683 | D        | Found Usha's General Store.
  1683 | D        | Found Dateprycw's General Store.
  1684 | D        | Found Mithrecla's General Store.
  1691 | D        | Bought a scroll of acquirement for 624 gold pieces
  1740 | D        | Learned a level 5 spell: Fireball
  1744 | D        | Learned a level 3 spell: Stone Arrow
  1751 | D        | Learned a level 6 spell: Starburst
  1755 | D        | Learned a level 3 spell: Call Canine Familiar
  1774 | D        | Noticed a shining eye
  1774 | D        | Noticed a shining eye
  1774 | D        | Noticed a shining eye
  1781 | D        | Reached ****** piety under Sif Muna
  1787 | D        | Paralysed by a floating eye for 2 turns
  1787 | D        | Noticed a shining eye
  1788 | D        | Gained mutation: You are clumsy. (Dex -2) [a shining eye]
  1789 | D        | Reached skill level 15 in Spellcasting
  1789 | D        | Killed a shining eye
  1789 | D        | Killed a shining eye
  1789 | D        | Received a gift from Sif Muna
  1789 | D        | Killed a shining eye
  1790 | D        | Reached skill level 1 in Summonings
  1790 | D        | Reached XP level 11. HP: 66/66 MP: 14/30
  1790 | D        | Noticed a shining eye
  1885 | D        | Got Sif Muna's Secrets of Metamorphosis {god gift}
  1887 | D        | Noticed a shining eye
  1887 | D        | Noticed a shining eye
  1902 | D        | Killed a shining eye
  1902 | D        | Killed a shining eye
  1903 | D        | Reached skill level 1 in Short Blades
  1903 | D        | Reached skill level 5 in Hexes
  1903 | D        | Killed a shining eye
  1904 | D        | Killed a shining eye
  1904 | D        | Noticed a shining eye
  1927 | D        | Killed a shining eye
  1927 | D        | Received a gift from Sif Muna
  1928 | D        | Reached skill level 16 in Spellcasting
  1928 | D        | Reached skill level 15 in Fire Magic
  1928 | D        | Got Wurugh's Lessons on the Mighty Fair Folk {god gift}
  2074 | D        | Learned a level 5 spell: Iskenderun's Battlesphere
  2097 | D        | Found Soaroxoj's Book Shop.
  2097 | D        | Found Jitet's Assorted Antiques.
  2097 | D        | Found Xoemyl's Weapon Boutique.
  2097 | D        | Found Noojiure's Assorted Antiques.
  2114 | D        | Bought a book of Spatial Translocations for 198 gold pieces
  2118 | D        | Learned a level 2 spell: Blink
  2124 | D        | Learned a level 5 spell: Irradiate
  2186 | D        | Bought the sphere of Battle for 880 gold pieces
  2186 | D        | Found the sphere of Battle
  2238 | D        | Acquired 610 gold pieces
  2250 | D        | Reached skill level 1 in Transmutations
  2466 | D        | Noticed a lindwurm
  2468 | D        | Killed a lindwurm
  2517 | D        | Received a gift from Sif Muna
  2523 | D        | Received a gift from Sif Muna
  2527 | D        | Got Sif Muna's Folio of Execration and the Shapeshifter
                  | {god gift}
  2530 | D        | Got Sif Muna's Compilation of the Hazy Blaze {god gift}
  2535 | D        | Learned a level 3 spell: Swiftness
  2679 | D        | Noticed a 12-headed hydra
  2689 | D        | Killed a 12-headed hydra
  2690 | D        | Reached skill level 17 in Spellcasting
  2690 | D        | Reached XP level 12. HP: 72/72 MP: 24/33
  2775 | D        | Noticed a deep elf annihilator
  2778 | D        | Received a gift from Sif Muna
  2779 | D        | Killed a deep elf annihilator
  2796 | D        | Got Sif Muna's Compilation of Baleful Clouds {god gift}
  2803 | D        | Learned a level 5 spell: Metabolic Englaciation
  2938 | D        | Noticed a mummy priest
  2940 | D        | Received a gift from Sif Muna
  2941 | D        | Reached skill level 1 in Ice Magic
  2941 | D        | Killed a mummy priest
  2944 | D        | Got Sif Muna's Incunable of Ruinous Companions {god gift}
  3028 | D        | Noticed the 27-headed Lernaean hydra
  3035 | D        | Killed the 27-headed Lernaean hydra
  3036 | D        | Reached skill level 18 in Spellcasting
  3036 | D        | Reached skill level 15 in Conjurations
  3218 | D        | Identified the +0 chain mail of Faul Hyu {rN+ SInv}
  3218 | D        | Noticed a deep elf master archer
  3225 | D        | Killed a deep elf master archer
  3388 | D        | Noticed Lom Lobon
  3412 | D        | Killed from afar by Lom Lobon

Illustrated notes

Levels and vault maps discovered:
D:        dungeon_sprint_1 [red_sonja_temple_1, red_sonja_temple_small_1]

Skill      XL: |  1  2  3  4  5  6  7  8  9 10 11 12 |
---------------+-------------------------------------+-----
Stealth        | 3 4 6 7 |  7.2
Spellcasting   | 3 4 6 10 11 13 15 17 18 | 18.2
Conjurations   | 2 3 5 6 7 9 11 13 15 | 15.4
Fire Magic     | 4 6 7 10 11 12 14 15 17 | 17.3
Dodging        | 3 4 5 |  5.7
Hexes          | 1 2 3 4 6 |  6.4
Fighting       | 1 2 |  2.8
Throwing       | 2 3 |  3.0
Summonings     | 1 4 |  4.3
Short Blades   | 1 |  1.4
Transmutations | 3 |  3.0
Ice Magic      | 4 |  4.4

Action                     |  1- 3 |  4- 6 |  7- 9 | 10-12 || total
---------------------------+-------+-------+-------+-------++-------
  Melee: Unarmed           |     7 |     2 |       |       ||     9
         Tentacles         |     1 |     1 |       |     1 ||     3
         Constrict         |     1 |       |       |     3 ||     4
         Short sword       |       |       |       |     4 ||     4
         Punch             |       |       |       |     1 ||     1
  Throw: Dart              |       |       |     6 |     2 ||     8
   Cast: Foxfire           |     6 |     7 |     7 |    54 ||    74
         Scorch            |     2 |     6 |     8 |    19 ||    35
         Inner Flame       |       |     1 |     6 |    15 ||    22
         Flame Wave        |       |       |     2 |    10 ||    12
         Call Canine Famil |       |       |       |     5 ||     5
         Starburst         |       |       |       |    18 ||    18
         Fireball          |       |       |       |    13 ||    13
         Iskenderun's Batt |       |       |       |     2 ||     2
         Fire Storm        |       |       |       |     7 ||     7
         Metabolic Englaci |       |       |       |     3 ||     3
         Irradiate         |       |       |       |     1 ||     1
 Invoke: Forget Spell      |       |       |       |     1 ||     1
         Divine Exegesis   |       |       |       |     7 ||     7
    Use: Potion            |     1 |       |     1 |     6 ||     8
         Scroll            |       |       |     1 |     6 ||     7
   Stab: Sleeping          |       |       |       |     1 ||     1
 Armour: Skin              |       |       |       |     2 ||     2
  Dodge: Dodged            |     2 |     1 |    10 |    10 ||    23

Table legend: (Time is in decaauts)
 A = Elapsed time spent in this place.
 B = Non-inter-level travel time spent in this place.
 C = Inter-level travel time spent in this place.
 D = Time resting spent in this place.
 E = Time spent auto-exploring this place.
 F = Levels seen in this place.
 G = Mean time per level.
                   A        B        C        D        E       F      G
               +--------+--------+--------+--------+--------+-----+--------+
         Total |   3405 |   3371 |     34 |   2108 |      0 |   1 | 3405.0 |
       Dungeon |   3405 |   3371 |     34 |   2108 |      0 |   1 | 3405.0 |
               +--------+--------+--------+--------+--------+-----+--------+

Top non-repeatable levels by time:
       D: 3405 daAuts
